 Dungeon Crawl Stone Soup version 0.30.0-11-gf55b779eaf (webtiles) character file.

Game seed: 15449688959822707841

34 Jackthecabe the Sneak (level 3, -1/18 HPs)
             Began as a Vine Stalker Brigand on May 16, 2023.
             Slain by a quokka (2 damage)
             ... on level 2 of the Dungeon.
             The game lasted 00:01:12 (1061 turns).

Jackthecabe the Sneak (Vine Stalker Brigand)        Turns: 1061, Time: 00:01:13

Health: -1/18      AC:  3    Str: 13    XL:     3   Next: 31%
Magic:  0/4        EV: 11    Int: 11    God:
Gold:   76         SH:  0    Dex: 17    Spells: 2/2 levels left

rFire   . . .        a - +2 dagger
rCold   . . .        (no shield)
rNeg    . . .        b - +0 robe
rPois   .            (no helmet)
rElec   .            c - +0 cloak
rCorr   .            (no gloves)
SInv    .            (no boots)
Will    .....        (no amulet)
Stlth   +++          (no ring)
HPRegen 0.23/turn    (no ring)
MPRegen 0.09/turn

%: guardian spirit
@: no status effects
A: fangs 2, magic shield, antimagic bite, no potion heal 2
a: no special abilities


You were on level 2 of the Dungeon.
You visited 1 branch of the dungeon, and saw 2 of its levels.

You collected 76 gold pieces.


Innate Abilities, Weirdness & Mutations

You have extremely sharp teeth.
When hurt, damage is shared between your health and your magic reserves.
Your bite disrupts and absorbs the magic of your enemies.
Potions cannot restore your health.


   Skills:
 - Level 1.7 Fighting
 + Level 3.3 Short Blades
 - Level 1.7 Throwing
 - Level 0.7 Dodging
 - Level 4.8 Stealth


You had 2 spell levels left.
You didn't know any spells.
Your spell library contained the following spells:

 Spells                   Type           Power      Damage    Failure   Level
 Sublimation of Blood     Necr           0%         N/A       47%         2
 Wereblood                Tmut           0%         N/A       47%         2
 Summon Hydra             Summ           0%         N/A       100%        7

Inventory:

Hand Weapons
 a - a +2 dagger (weapon)
Missiles
 d - 9 poisoned darts (quivered)
Armour
 b - a +0 robe (worn)
 c - a +0 cloak (worn)
Jewellery
 I - a +6 ring of intelligence
Scrolls
 f - a scroll of immolation {unknown}
 g - a scroll of fog {unknown}
 h - a scroll of enchant armour {unknown}
 j - a scroll of amnesia {unknown}

Dungeon Overview and Level Annotations

Branches:
Dungeon (2/15)

Altars:

#. .. #. .# #.##.#
##....# ### .....# #..
..^# #.# ###.# #.#
###.@.### #.#
##.#)#r#...###.#
#=..w.B#.#<..#.#######
##.#†###..............
... #......#<#######
#.#. ##....##.# ###.
#.....).# ## #.#######
...#


You could see a worm, a quokka and a giant cockroach.


Message History

You closely miss the giant cockroach. The quokka bites you.
The giant cockroach closely misses you. The worm bites you!
* * * LOW HITPOINT WARNING * * *
You hit the giant cockroach but do no damage.
Your bite misses the giant cockroach.
The quokka bites you but does no damage.
The giant cockroach barely misses you.
The giant cockroach attacks as you move away!
The giant cockroach barely misses you. The quokka barely misses you.
The quokka attacks as you move away! The quokka bites you.
* * * LOW HITPOINT WARNING * * *
Throw: 3 darts (curare) {=f}
Press: ? - help, Shift-Dir - straight line, f - quokka
Aim: a quokka (48% to hit)
You throw a curare-tipped dart {=f}.
The curare-tipped dart {=f} misses the quokka.
The quokka bites you but does no damage.
Throw: 2 darts (curare) {=f}
Press: ? - help, Shift-Dir - straight line, f/p - quokka
Aim: a quokka (48% to hit)
You throw a curare-tipped dart {=f}.
The curare-tipped dart {=f} closely misses the quokka.
The quokka closely misses you.
Throw: dart (curare) {=f}
Press: ? - help, Shift-Dir - straight line, f/p - quokka
Aim: a quokka (48% to hit)
You throw a curare-tipped dart {=f}.
The curare-tipped dart {=f} closely misses the quokka.
The quokka bites you.
You die...

Skill      XL: |  1  2 |
---------------+-------+-----
Short Blades   | 2 3 |  3.3
Fighting       | |  1.7
Throwing       | |  1.7
Dodging        | |  0.7
Stealth        | |  4.8

Action                     || total
---------------------------++-------
  Melee: Dagger            ||    82
         Bite              ||    15
  Throw: Dart              ||     3
   Stab: Sleeping          ||     9
 Armour: Robe              ||    24
  Dodge: Dodged            ||    61

Levels and vault maps discovered:
D:1:      psy_arrival_radial01, layout_basic
D:2:      layout_loops_ring, serial_co_window_serial, co_window_paths_b,
          co_window_of_opportunity_a, co_window_of_opportunity_a,
          co_window_of_opportunity_a, co_window_of_opportunity_a,
          co_window_paths_c, co_window_paths_c, co_window_broadway_a,
          glass_columns_c, minmay_indecisive_spiral

Notes
Turn   | Place    | Note
-------+----------+-------------------------------------------
     0 | D:1      | Jackthecabe the Vine Stalker Brigand began the quest for
                  | the Orb.
     0 | D:1      | Reached XP level 1. HP: 11/11 MP: 2/2
   110 | D:1      | Reached skill level 2 in Short Blades
   213 | D:1      | Reached XP level 2. HP: 15/15 MP: 0/3
   561 | D:1      | Reached skill level 3 in Short Blades
   619 | D:1      | Reached XP level 3. HP: 15/18 MP: 4/4
  1058 | D:2      | HP: 1/18 [quokka (3)]
  1061 | D:2      | Slain by a quokka

Vanquished Creatures
  A ball python (D:1)
  5 bats
  2 endoplasms (D:1)
  2 giant cockroaches
  4 goblins
  3 hobgoblins (D:1)
  3 kobolds (D:1)
  3 quokkas (D:1)
  3 frilled lizards (D:1)
  4 rats (D:1)
30 creatures vanquished.

Table legend: (Time is in decaauts)
 A = Elapsed time spent in this place.
 B = Non-inter-level travel time spent in this place.
 C = Inter-level travel time spent in this place.
 D = Time resting spent in this place.
 E = Time spent auto-exploring this place.
 F = Levels seen in this place.
 G = Mean time per level.
                   A        B        C        D        E       F      G
               +--------+--------+--------+--------+--------+-----+--------+
         Total |   1048 |   1017 |     31 |     57 |    766 |   2 |  524.0 |
       Dungeon |   1048 |   1017 |     31 |     57 |    766 |   2 |  524.0 |
               +--------+--------+--------+--------+--------+-----+--------+

Top non-repeatable levels by time:
     D:1: 1013 daAuts
     D:2: 35 daAuts

Table legend:
 A = Non-vault XP
 B = Vault XP
 C = Vault XP percentage of total XP
 D = Non-vault monster count
 E = Vault monster count
 F = Vault count percentage of total count
                 A         B        C        D         E       F
            +---------+---------+-------+---------+---------+-------
      Total |      46 |       3 |   6.1 |      28 |       2 |   6.7
            +---------+---------+-------+---------+---------+-------
        D:1 |      43 |       0 |   0.0 |      26 |       0 |   0.0
        D:2 |       3 |       3 |  50.0 |       2 |       2 |  50.0
            +---------+---------+-------+---------+---------+-------
